 Dungeon Crawl Stone Soup version 0.31-a0-986-g5e6e4ef867 (webtiles) character file.

Game seed: 18435227173851026426

24080 tbh1313 the Severer (level 12, 0/106 HPs)
             Began as a Minotaur Berserker on Nov 18, 2023.
             Was a High Priest of Trog.
             Slain by a reaper
             ... wielding a +2 scythe of freezing
              (10 damage)
             ... in an ice cave.
             The game lasted 00:47:00 (12842 turns).

tbh1313 the Severer (Minotaur Berserker)           Turns: 12842, Time: 00:47:00

Health: 0/106      AC: 16    Str: 21    XL:     12   Next: 77%
Magic:  11/11      EV:  9    Int:  8    God:    Trog [*****.]
Gold:   577        SH:  7    Dex: 12    Spells: 11/11 levels left

rFire   . . .        a - +2 hand axe (elec)
rCold   . . .        D - +2 buckler
rNeg    . . .        H - +0 plate armour
rPois   .            s - +0 hat
rElec   .            (no cloak)
rCorr   +            (no gloves)
SInv    .            A - +1 pair of boots
Will    ++...        d - amulet of regeneration Stlth
                     F - ring of resist corrosion
HPRegen 2.17/turn    G - ring of flight
MPRegen 0.12/turn

%: no passive effects
@: strong-willed, flying, regenerating
A: horns 2, retaliatory headbutt
a: Renounce Religion, Berserk, Trog's Hand, Brothers in Arms


You were in an ice cave.
You worshipped Trog.
Trog was extremely pleased with you.
You visited 2 branches of the dungeon, and saw 14 of its levels.
You also visited: Ossuary and Ice Cave.

You collected 967 gold pieces.
You spent 390 gold pieces at shops.

Inventory:

Hand Weapons
 a - a +2 hand axe of electrocution (weapon)
 b - a +0 arbalest
 t - a +2 demon whip of freezing
 z - a +3 battleaxe
 L - the +9 executioner's axe "Asuvurosy" {flame, Fragile rElec rCorr Str+2}
   (Trog gifted it to you on level 8 of the Dungeon)

   Str+2:     It affects your strength (+2).
   rElec:     It insulates you from electricity.
   rCorr:     It protects you from acid and corrosion.
   Fragile:   It will be destroyed if unequipped.
 M - a +0 heavy battleaxe
Missiles
 o - 15 boomerangs (quivered)
 q - 4 javelins
 I - 59 poisoned darts
 J - 5 curare-tipped darts
 K - 2 datura-tipped darts
 S - a throwing net
Armour
 s - a +0 hat (worn)
 w - a +0 chain mail
 A - a +1 pair of boots (worn)
 D - a +2 buckler (worn)
 H - a +0 plate armour (worn)
 R - a +2 ring mail of fire resistance
 T - a +0 troll leather armour
Jewellery
 d - an amulet of regeneration (around neck)
 F - a ring of resist corrosion (left hand)
 G - a ring of flight (right hand)
 N - an amulet of reflection
 Q - an amulet of guardian spirit
Talismans
 p - a beast talisman
 x - a dragon-blood talisman
Wands
 l - a wand of charming (23)
 u - a wand of iceblast (15)
 C - a wand of flame (17)
Scrolls
 g - 4 scrolls of poison
 k - 2 scrolls of fear
 m - 3 scrolls of revelation
 n - 3 scrolls of blinking
 y - a scroll of enchant weapon
 B - a scroll of vulnerability
 E - 4 scrolls of fog
 O - a scroll of torment
Potions
 c - a potion of cancellation
 e - 5 potions of ambrosia
 f - 3 potions of enlightenment
 h - 3 potions of attraction
 i - a potion of degeneration
 j - a potion of lignification
 r - 4 potions of curing
 v - a potion of invisibility
 P - 2 potions of mutation


   Skills:
 - Level 10.0 Fighting
 + Level 19.1 Axes
 - Level 10.0 Armour
 - Level 10.0 Dodging
 - Level 4.0 Shields


You had 11 spell levels left.
You didn't know any spells.
Your spell library was empty.

Dungeon Overview and Level Annotations

Branches:
Dungeon (11/15)            Temple (0/1) D:6            Lair (3/5) D:9
  Swamp (0/4) Lair:3        Snake (0/4) Lair:3      Ossuary (visited)
  IceCv (1/1)
    Orc: D:9-12

Altars:
Cheibriados
Dithmenos
Kikubaaqudgha
Makhleb
Nemelex Xobeh
Qazlal
Uskayaw
Vehumet
Xom
Yredelemnul
Zin

Shops:
D:6 *


Innate Abilities, Weirdness & Mutations

You have a pair of horns on your head.
You reflexively headbutt those who attack you in melee.


Message History

The puff of flame hits the reaper but does no damage.
You start waiting.
A reaper is nearby!
Okay, then.
Press: ? - help, v - describe, . - travel
Here: a reaper, wielding a +2 scythe of freezing, wearing a +1 robe of cold resistance and wearing a ring of protection from cold The floor.
Throw: 15 boomerangs
Press: ? - help, Q - select action, (/) - cycle Shift-Dir - straight line, f/p - reaper
Aim: a reaper, wielding a +2 scythe of freezing, wearing a +1 robe of cold resistance and wearing a ring of protection from cold (60% to hit)
Okay, then.
Throw: 8 darts (curare)
Press: ? - help, Shift-Dir - straight line, f/p - reaper
Aim: a reaper, wielding a +2 scythe of freezing, wearing a +1 robe of cold resistance and wearing a ring of protection from cold (60% to hit)
You throw a curare-tipped dart. The curare-tipped dart hits the reaper.
Okay, then.
Throw: 7 darts (curare)
Press: ? - help, Shift-Dir - straight line, f/p - reaper
Aim: a reaper, wielding a +2 scythe of freezing, wearing a +1 robe of cold resistance and wearing a ring of protection from cold (60% to hit)
You throw a curare-tipped dart. The curare-tipped dart hits the reaper.
Sorry, you can't auto-travel out of here.
Unknown command.
Throw: 6 darts (curare)
Press: ? - help, Shift-Dir - straight line, f/p - reaper
Aim: a reaper, wielding a +2 scythe of freezing, wearing a +1 robe of cold resistance and wearing a ring of protection from cold (60% to hit)
You throw a curare-tipped dart. The curare-tipped dart hits the reaper.
You are engulfed in freezing vapours.
The reaper hits you from afar with a +2 scythe of freezing!!
The reaper freezes you.
The reaper hits you from afar with a +2 scythe of freezing!!!
The reaper freezes you!!
Your skin crawls.
You feel strong-willed.
The reaper shouts, "Die, tbh1313!"
You block the reaper's attack.
Your ogre goes berserk!
The reaper hits you from afar with a +2 scythe of freezing!!
* * * LOW HITPOINT WARNING * * *
The reaper freezes you!
You die...

### ##.## ##...## ####
#.....## ##..##
##..§.°.# ##....#
#...§§☼.## ##..#..##
#..O§§§..# #...###.#
##.@§§○☼.###..####..
#..#.#.....#..##..#..
#. #2##......##...##.
#° #(.###....##....#.
#...(....#...###....##
#.........#...#
##....#
#..####...#...#
##.#.## ... .......#
#..###. .#
....#..###...##.


You could see a reaper (ally target) and a friendly ogre (summoned, berserk).

Levels and vault maps discovered:
D:1:      dpeg_arrival_rooms_c, layout_loops_ring, chequers_garden
D:2:      layout_basic, basic_altar, minmay_crystal_water,
          chequers_serial_rivers_micro_c, minmay_heptomino_d4
D:3:      layout_basic, general_overflow_altar, mainiacjoe_overflow_swirl,
          mainiacjoe_overflow_concentric_impassable, ebering_ghost_sewer_d,
          chequers_ecumenical_altar_grove
D:4:      layout_basic, nicolae_ossuary_entry_ruins, minivault_23, uniq_natasha,
          uniq_duvessa
D:5:      layout_cave_pools, minitemple, uniq_menkaure, uniq_prince_ribbit1
D:6:      layout_rooms, minmay_temple_entry_glass, roderic_roman_lattice,
          nicolae_shop_sticking_my_neck_out
D:7:      layout_loops_corners, serial_glass, glass_columns_a, glass_columns_b,
          glass_columns_b, glass_columns_a, glass_columns_a, glass_columns_c
D:8:      wander_kiku_kobolds, layout_basic, cheibrodos_worm_habitat,
          uniq_pikel, uniq_psyche
D:9:      layout_loops_ring, lemuel_round_altar, erik_lair_orcish_takeover
D:10:     layout_rooms, mainiacjoe_overflow_brackets, kiku_gazebo_pond_becter,
          hellmonk_ghost_happy_afterlife
D:11:     minmay_roctagon, layout_irregular_city, grunt_decor_mini_mirrors
Lair:1:   layout_cave_pods
Lair:2:   layout_cellular_growth, chequers_serial_rivers_room_b,
          grunt_megastairs_3, uniq_harold
Lair:3:   gammafunk_cloud_chamber, layout_loops_ring, swamp_mist_pool,
          minmay_snake_entry_guardpost_small, portal_ice_cave_entry_pillars_1,
          gammafunk_lair_bear_cave
IceCv:    ice_cave_small_demon

Notes
Turn   | Place    | Note
-------+----------+-------------------------------------------
     0 | D:1      | tbh1313 the Minotaur Berserker began the quest for the Orb.
     0 | D:1      | Reached XP level 1. HP: 19/19 MP: 0/0
    30 | D:1      | Reached skill level 4 in Axes
   108 | D:1      | Reached XP level 2. HP: 26/26 MP: 1/1
   474 | D:1      | Reached skill level 5 in Axes
   712 | D:1      | Reached XP level 3. HP: 31/31 MP: 2/2
   925 | D:2      | Found a sparkling altar of Nemelex Xobeh.
  1049 | D:2      | Identified the +0 leather armour "Tadauw" {-Tele rPois
                  | Will++}
  1546 | D:3      | Found a runed translucent door.
  1696 | D:3      | Found a basalt altar of Yredelemnul.
  1769 | D:3      | Reached XP level 4. HP: 39/39 MP: 3/3
  1807 | D:3      | Found a radiant altar of Vehumet.
  1852 | D:3      | Reached skill level 6 in Axes
  1966 | D:3      | Found a faded altar of an unknown god.
  2064 | D:3      | Noticed Cadnt's ghost (amateur MiHu)
  2109 | D:3      | Killed Cadnt's ghost
  2110 | D:3      | Reached skill level 7 in Axes
  2110 | D:3      | Reached XP level 5. HP: 45/45 MP: 4/4
  2261 | D:3      | Found a shimmering altar of Xom.
  2327 | D:3      | Found a hide-covered altar of Uskayaw.
  2378 | D:4      | Noticed Natasha
  2384 | D:4      | Killed Natasha
  2385 | D:4      | Reached skill level 8 in Axes
  2420 | D:4      | Found a sand-covered staircase.
  2429 | Ossuary  | Entered an ossuary
  2441 | Ossuary  | Reached ** piety under Trog
  2450 | Ossuary  | Reached XP level 6. HP: 50/51 MP: 5/5
  2707 | D:4      | Reached skill level 9 in Axes
  2860 | D:4      | Noticed Natasha
  2866 | D:4      | Reached XP level 7. HP: 47/57 MP: 6/6
  2868 | D:4      | Killed Natasha
  2908 | D:4      | Reached skill level 10 in Axes
  3243 | D:4      | Noticed Duvessa
  3244 | D:4      | Noticed Dowan
  3252 | D:4      | Killed Dowan
  3257 | D:4      | HP: 1/85 [Duvessa/+4 short sword of speed (16)]
  3258 | D:4      | Killed Duvessa
  3378 | D:4      | Noticed Natasha
  3387 | D:4      | Killed Natasha
  3388 | D:4      | Reached skill level 11 in Axes
  3734 | D:5      | Entered Level 5 of the Dungeon
  3846 | D:5      | Noticed Prince Ribbit
  3856 | D:5      | Killed Prince Ribbit
  3857 | D:5      | Reached XP level 8. HP: 16/64 MP: 7/7
  3880 | D:5      | Reached skill level 12 in Axes
  4049 | D:5      | Reached *** piety under Trog
  4391 | D:5      | Noticed Menkaure
  4396 | D:5      | Killed Menkaure
  4450 | D:5      | Found a glowing silver altar of Zin.
  4453 | D:5      | Found a stormy altar of Qazlal.
  4718 | D:6      | Identified the +4 trident of Imosont {heavy, Int+3 SInv}
  4791 | D:6      | Reached skill level 13 in Axes
  4819 | D:6      | Found a staircase to the Ecumenical Temple.
  5148 | D:6      | Reached skill level 14 in Axes
  5605 | D:6      | Found Zecyocra's Neck Hole.
  5608 | D:6      | Bought an amulet of regeneration for 390 gold pieces
  5691 | D:6      | Reached XP level 9. HP: 60/70 MP: 8/8
  6073 | D:7      | Reached **** piety under Trog
  6101 | D:7      | Reached skill level 5 in Fighting
  6603 | D:7      | Reached skill level 1 in Shields
  7045 | D:8      | Noticed Psyche
  7051 | D:8      | Found a snail-covered altar of Cheibriados.
  7052 | D:8      | Killed Psyche
  7077 | D:8      | Noticed Pikel
  7095 | D:8      | Killed Pikel
  7096 | D:8      | Reached XP level 10. HP: 65/91 MP: 9/9
  7468 | D:8      | Reached skill level 10 in Fighting
  7502 | D:8      | Reached ***** piety under Trog
  7526 | D:8      | Found an ancient bone altar of Kikubaaqudgha.
  7587 | D:8      | Reached skill level 5 in Armour
  8371 | D:8      | Identified the +9 executioner's axe "Asuvurosy" {flame,
                  | Fragile rElec rCorr Str+2} (Trog gifted it to you on level
                  | 8 of the Dungeon)
  8371 | D:8      | Received a gift from Trog
  8568 | D:9      | Found a staircase to the Lair.
  8880 | D:9      | Noticed a two-headed ogre
  8927 | D:9      | Found a shadowy altar of Dithmenos.
  8928 | D:9      | Noticed a two-headed ogre
  8939 | D:9      | Killed a two-headed ogre
  8940 | D:9      | Reached skill level 10 in Armour
  8940 | D:9      | Reached XP level 11. HP: 64/99 MP: 10/10
  8972 | D:9      | Killed a two-headed ogre
  9077 | D:9      | Reached skill level 5 in Dodging
  9570 | D:10     | Entered Level 10 of the Dungeon
  9640 | D:10     | Found an ancient bone altar of Kikubaaqudgha.
  9661 | D:10     | Found a runed translucent door.
  9680 | D:10     | Noticed SecretSquirrel's ghost (journeyman HOMo)
  9773 | D:10     | Killed SecretSquirrel's ghost
  9915 | D:10     | Found a burning altar of Makhleb.
  9928 | D:10     | Noticed a two-headed ogre
  9935 | D:10     | Killed a two-headed ogre
 10017 | D:11     | Noticed a two-headed ogre
 10017 | D:11     | Noticed a war gargoyle
 10034 | D:10     | HP: 12/148 [two-headed ogre/+0 giant club (17)]
 10037 | D:10     | Killed a two-headed ogre
 10131 | D:11     | Reached skill level 10 in Dodging
 10297 | D:12     | Identified the of Zoyze
 10297 | Lair:1   | Entered Level 1 of the Lair of Beasts
 10429 | Lair:1   | Reached skill level 15 in Axes
 10880 | Lair:1   | Reached XP level 12. HP: 106/106 MP: 11/11
 10917 | Lair:1   | Reached skill level 16 in Axes
 11279 | Lair:2   | Noticed Harold
 11294 | Lair:2   | Killed Harold
 11576 | Lair:2   | Reached skill level 17 in Axes
 11955 | Lair:2   | Reached skill level 18 in Axes
 12043 | Lair:2   | You are sucked into a shaft and drop 1 floor!
 12043 | Lair:3   | Found a staircase to the Swamp.
 12044 | Lair:3   | Found a frozen archway.
 12052 | IceCv    | Entered an ice cave
 12149 | IceCv    | HP: 3/106 [something] (21)]
 12626 | IceCv    | Reached skill level 19 in Axes
 12830 | IceCv    | Noticed a reaper
 12842 | IceCv    | HP: 10/106 [reaper/+2 scythe of freezing (21)]
 12842 | IceCv    | Slain by a reaper

Table legend: (Time is in decaauts)
 A = Elapsed time spent in this place.
 B = Non-inter-level travel time spent in this place.
 C = Inter-level travel time spent in this place.
 D = Time resting spent in this place.
 E = Time spent auto-exploring this place.
 F = Levels seen in this place.
 G = Mean time per level.
                   A        B        C        D        E       F      G
               +--------+--------+--------+--------+--------+-----+--------+
         Total |  12572 |  11572 |   1000 |   2080 |   7270 |  16 |  785.8 |
       Dungeon |   9912 |   8965 |    947 |   1449 |   5879 |  11 |  901.1 |
          Lair |   1680 |   1627 |     53 |    159 |   1180 |   3 |  560.0 |
       Ossuary |    247 |    247 |      0 |      0 |    159 |   1 |  247.0 |
      Ice Cave |    731 |    731 |      0 |    472 |     52 |   1 |  731.0 |
               +--------+--------+--------+--------+--------+-----+--------+

Top non-repeatable levels by time:
     D:8: 1329 daAuts
     D:4: 1137 daAuts
     D:5: 1095 daAuts
     D:6: 1088 daAuts
     D:7: 1076 daAuts
     D:9: 1039 daAuts
  Lair:1: 967 daAuts
     D:3: 919 daAuts
     D:2: 776 daAuts
     D:1: 768 daAuts
   IceCv: 731 daAuts
  Lair:2: 704 daAuts
    D:10: 591 daAuts
 Ossuary: 247 daAuts
    D:11: 91 daAuts

Table legend:
 A = Kills in this place as a percentage of kills in the entire game.
 B = Kills by you in this place as a percentage of kills by you in the entire game.
 C = Kills by friends in this place as a percentage of kills by friends in the entire game.
 D = Other kills in this place as a percentage of other kills in the entire game.
 E = Experience gained in this place as a percentage of experience gained in the entire game.
 F = Experience gained in this place divided by the number of levels of this place that you have seen.
                   A       B       C       D       E      F
               +-------+-------+-------+-------+-------+----------------------
         Total | 100.0 | 100.0 | 100.0 |   N/A | 100.0 | 2150.1
       Dungeon |  75.3 |  75.9 |  42.9 |   N/A |  54.4 | 1702.2
          Lair |  14.1 |  13.4 |  57.1 |   N/A |  34.9 | 4001.0
       Ossuary |   4.1 |   4.2 |   0.0 |   N/A |   0.5 | 158.0
      Ice Cave |   6.4 |   6.5 |   0.0 |   N/A |  10.2 | 3516.0
               +-------+-------+-------+-------+-------+----------------------

Action                     |  1- 3 |  4- 6 |  7- 9 | 10-12 || total
---------------------------+-------+-------+-------+-------++-------
  Melee: Hand axe          |   103 |    92 |   260 |   654 ||  1109
         Headbutt          |     8 |    15 |    42 |   166 ||   231
         Punch             |       |     2 |     4 |       ||     6
         Battleaxe         |       |       |    50 |       ||    50
         War axe           |       |       |     9 |       ||     9
  Throw: Boomerang         |       |       |       |     3 ||     3
         Dart              |       |       |       |     3 ||     3
 Invoke: Berserk           |       |     1 |     3 |     2 ||     6
         Trog's Hand       |       |       |     1 |     3 ||     4
         Brothers in Arms  |       |       |       |     4 ||     4
  Evoke: Wand              |       |       |     5 |     4 ||     9
    Use: Scroll            |     5 |     9 |     3 |    11 ||    28
         Potion            |       |       |     2 |     3 ||     5
   Stab: Invisible         |       |       |       |     2 ||     2
 Armour: Scale mail        |    61 |    48 |    30 |       ||   139
         Animal skin       |     3 |       |       |       ||     3
         Chain mail        |       |       |   189 |       ||   189
         Plate armour      |       |       |    10 |   477 ||   487
         Skin              |       |       |       |    10 ||    10
  Dodge: Dodged            |    45 |    46 |    77 |   155 ||   323
  Block: Buckler           |       |       |    14 |   150 ||   164
   Form: Beast             |       |     1 |       |       ||     1
                           |       |       |     1 |       ||     1

Vanquished Creatures
  Harold (Lair:2)
  4 two-headed ogres
  A skyshark (Lair:2)
  Pikel (D:8)
  A cyclops (D:10)
  A black mamba (Lair:1)
  2 ice statues (IceCv)
  2 cane toads
  Psyche (D:8)
  A kobold demonologist (D:8)
  2 gargoyles (D:11)
  A komodo dragon (Lair:1)
  5 ice devils (IceCv)
  A troll (D:9)
  A polar bear (Lair:2)
  3 blink frogs (Lair:2)
  Prince Ribbit (D:5)
  2 wyverns
  The ghost of Cadnt the Shooter, an amateur MiHu (D:3)
  33 yaks
  3 basilisks
  2 vampire mosquitoes (D:10)
  Menkaure (D:5)
  2 death yak simulacra (IceCv)
  3 wargs (D:9)
  An acid dragon (D:8)
  A harpy simulacrum (IceCv)
  A water moccasin (Lair:1)
  Duvessa (D:4)
  3 orc warriors
  2 black bears
  2 sky beasts
  4 lemures (D:8)
  11 wolves
  4 centaurs
  11 kobold brigands
  8 bullfrogs
  3 gnoll sergeants (D:7)
  3 scorpions
  A two-headed ogre simulacrum (IceCv)
  A cane toad simulacrum (IceCv)
  8 wights
  Dowan (D:4)
  9 killer bees
  3 howler monkeys
  3 hounds
  9 orc priests
  2 iguanas (D:6)
  A sleepcap (D:5)
  9 orc wizards
  Natasha (thrice) (D:4)
  3 troll simulacra (IceCv)
  3 spriggan simulacra (IceCv)
  2 wolf simulacra (IceCv)
  8 mummies (Ossuary)
  16 gnolls
  11 adders
  A naga simulacrum (IceCv)
  4 shadow imps
  9 white imps
  3 ufetubi
  2 worms
  3 dart slugs (D:1)
  33 orcs
  8 ball pythons
  5 bats (D:1)
  3 endoplasms
  A giant cockroach (D:2)
  8 goblins
  3 hobgoblins
  3 quokkas
  4 frilled lizards
  2 gnoll zombies (Ossuary)
  A hobgoblin zombie (Ossuary)
  41 kobolds
  10 kobold skeletons (D:8)
  10 kobold zombies
  3 orc zombies (Ossuary)
  5 rats
386 creatures vanquished.

Vanquished Creatures (collateral kills)
  The ghost of SecretSquirrel the Severer, a journeyman HOMo of Qazlal (D:10)
  A troll (D:10)
  3 yaks (Lair:2)
  2 basilisks
7 creatures vanquished.

Grand Total: 393 creatures vanquished
